AoeStats
← Sasha_Kive

Arabia

507797299Analyzed
1v1 RM · 13d ago on Sep 19, 2026· 25m 22s· 2 players
Game mode
Random Map
Map size
Tiny (2 player)
Population
200
Speed
Normal
Resources
Standard
Victory
Conquest
Starting age
Dark Age
Ending age
Imperial Age
RankedLock teamsTeams togetherTeam positionsShared explorationLock speedFull tech treeHidden civsTurbo modeCheats
Victory
Defeat
🇨🇴 Malay · Colombia
1416
+16
🇺🇦 Maya · Ukraine
1412
-16
Sasha_Kive
0:34 Loom
9:33 Feudal Age
12:56 Arson
14:27 Double-Bit Axe
15:00 Fletching
15:14 Horse Collar
18:09 Padded Archer Armor
19:18 Wheelbarrow
24:12 Castle Age
24:50 Bodkin Arrow
24:16 Crossbowman
Duquegdaniel
7:47 Loom
11:21 Feudal Age
10:59 Double-Bit Axe
15:35 Fletching
19:14 Wheelbarrow
22:59 Castle Age
21:26 Padded Archer Armor
21:19 Horse Collar
21:33 Gold Mining
21:58 Crossbowman
22:52 Bodkin Arrow
25:30 Bow Saw
Connection lost

Rejoining the realm…

Still unreachable

The connection could not be restored.

Session expired

The server has moved on; the page needs a fresh start.